 Dungeon Sprint DCSS version 0.29.1-15-g9cfb28693d (webtiles) character file.

Game seed: 2217517263242565011

3612 Groucho the Covert (level 9, -8/39 HPs)
             Began as a Spriggan Earth Elementalist on Apr 3, 2023.
             Was an Elder of Dithmenos.
             Mangled by a cane toad (12 damage)
             ... in the Dungeon (Sprint III: "The Ten Rune Challenge").
             The game lasted 00:12:02 (2725 turns).

Groucho the Covert (Spriggan Earth Elementalist)    Turns: 2725, Time: 00:12:03

Health: -8/39      AC:  5    Str:  8    XL:     9   Next: 86%
Magic:  10/24      EV: 24    Int: 16    God:    Dithmenos [****..]
Gold:   18         SH:  0    Dex: 16    Spells: 22/29 levels left

rFire   . . .      SeeInvis +   s - +0 dagger
rCold   + . .      Faith    .   (no shield)
rNeg    . . .      Spirit   .   h - +2 robe {rC+}
rPois   .          Reflect  .   (helmet restricted)
rElec   .          Harm     .   i - +0 cloak
rCorr   .          Rampage  .   (gloves unavailable)
Will    +....      NoTele   +   (boots unavailable)
Stlth   ++++++++..              (no amulet)
HPRegen 0.13/turn               (no ring)
MPRegen 0.19/turn               (no ring)

@: lethally poisoned (-8 -> -19), wreathed by umbra, very quick
A: very small, no large weapons, unfitting armour, see invisible, speed 3
a: Renounce Religion, Shadow Step


You were in the Dungeon.
You worshipped Dithmenos.
Dithmenos was greatly pleased with you.
You visited 1 branch You collected 18 gold pieces.

Inventory:

Hand Weapons
 s - a +0 dagger (weapon)
Missiles
 j - 3 stones
Armour
 h - a +2 robe of cold resistance (worn)
 i - a +0 cloak (worn)
Wands
 r - a wand of mindburst (15)
Scrolls
 g - a scroll of blinking
 l - a scroll of torment {unknown}
 m - a scroll of fear {unknown}
 o - a scroll of immolation {unknown}
 p - 2 scrolls of identify
Potions
 b - 3 potions of magic
 e - a potion of haste
 f - 2 potions of berserk rage
 k - 4 potions of mutation {unknown}
 n - 3 potions of flight
 q - a potion of degeneration {unknown}


   Skills:
 + Level 7.0 Short Blades
 + Level 11.3 Dodging
 + Level 13.3 Stealth
 + Level 10.5 Spellcasting
 + Level 5.4 Conjurations
 + Level 7.8 Hexes
 - Level 1.3 Transmutations
 * Level 11.3 Earth Magic
 + Level 6.6 Invocations


You had 22 spell levels left.
You knew the following spells:

 Your Spells              Type           Power      Damage    Failure   Level
a - Sandblast             Erth           88%        2d18      1%          1
b - Stone Arrow           Conj/Erth      70%        3d11      1%          3
c - Confusing Touch       Hex            33%        N/A       1%          3

Your spell library contained the following spells:

 Spells                   Type           Power      Damage    Failure   Level
 Slow                     Hex            100%       N/A       1%          1
 Passwall                 Tmut/Erth      23%        N/A       1%          2
 Petrify                  Tmut/Erth      28%        N/A       6%          4
 Wereblood                Tmut           12%        N/A       8%          2
 Sublimation of Blood     Necr           8%         N/A       13%         2
 Vampiric Draining        Necr           8%         2d6       26%         3
 Summon Hydra             Summ           4%         N/A       100%        7


Dungeon Overview and Level Annotations

Branches:
Dungeon (1/1)

Altars:
Cheibriados
Dithmenos
Elyvilon
Fedhas
Gozag
Hepliaklqana
Kikubaaqudgha
Makhleb
Nemelex Xobeh
Okawaru
Qazlal
Ru
Sif Muna
Trog
Uskayaw
Vehumet
Wu Jian
Xom
Yredelemnul
Zin
The Shining One
Jiyva
Lugonu


Innate Abilities, Weirdness & Mutations

You are very small and have problems with some larger weapons.
You are too small for most types of armour.
You have supernaturally acute eyesight. (SInv)
You cover ground extremely quickly. (Speed+++)


Message History

Unknown command.
Casting: Stone Arrow (safe; 1% risk of failure)
Confirm with . or Enter, or press ? or * to list all spells.
Aiming: Stone Arrow (safe; 1% risk of failure)
Press: ? - help, Shift-Dir - straight line, f/p - komodo dragon
Aim: a komodo dragon (black smoke, lightly wounded, umbra, 81% to hit)
The stone arrow hits the cane toad!
The cane toad is heavily wounded.
The cane toad completely misses you.
Unknown command.
Unknown command.
Casting: Stone Arrow (safe; 1% risk of failure)
Confirm with . or Enter, or press ? or * to list all spells.
You don't know that spell.
Unknown command.
Casting: Stone Arrow (safe; 1% risk of failure)
Confirm with . or Enter, or press ? or * to list all spells.
Aiming: Stone Arrow (safe; 1% risk of failure)
Press: ? - help, Shift-Dir - straight line, f/p - komodo dragon
Aim: a komodo dragon (black smoke, lightly wounded, umbra, 81% to hit)
The stone arrow misses the cane toad.
The stone arrow hits the komodo dragon.
The komodo dragon is moderately wounded.
The cane toad stings you!
* * * LOW HITPOINT WARNING * * *
You are lethally poisoned!
The cane toad poisons you! The cane toad closely misses you.
Unknown command.
Unknown command.
Okay, then.
Casting: Stone Arrow (safe; 1% risk of failure)
Confirm with . or Enter, or press ? or * to list all spells.
Aiming: Stone Arrow (safe; 1% risk of failure)
Press: ? - help, Shift-Dir - straight line, f - cane toad, p - komodo dragon
Aim: a cane toad (black smoke, umbra, 77% to hit)
The stone arrow misses the cane toad.
The stone arrow hits the cane toad!
The cane toad is moderately wounded.
* * * LOW HITPOINT WARNING * * *
You feel very sick. The cane toad stings you!
You die...

.)####...#...######'#
..###....#)⌠.#__#...#+###########
..##.....#...#__#...#§.~~~'.#.)..
..#......#'###__#...#.#§§§#.#)#).
##.#.....#)..#__#...[.#§§.#.#.#..
#####....#___#__'...#.#.§§#...#..
▓ ▓▓▓▓▓▓▓▓▓▓▓▓▓▓▓▓▓▓▓▓▓▓▓▓▓▓▓▓▓
♣♣§§~........~~~..
+♣♣@♣≈≈≈≈≈≈≈≈≈≈≈≈♣♣.
#lF♣♣♣♣♣♣♣♣♣♣♣♣♣♣♣♣P #§F♣ ♣♣ ###+


You could see a komodo dragon and 2 cane toads.

Vanquished Creatures
  Erica (D)
  A centaur warrior (D)
  A deep elf pyromancer (D)
  An unseen horror (D)
  3 wandering mushrooms (D)
  A shadow (D)
  A spatial vortex (D)
  2 centaurs (D)
  An earth elemental (D)
  A necrophage (D)
  A water elemental (D)
  Crazy Yiuf (D)
  A jelly (D)
  Jessica (D)
  A necromancer (D)
  A wizard (D)
  A kobold demonologist (D)
  3 humans (D)
  An endoplasm (D)
  2 rats (D)
26 creatures vanquished.

Vanquished Creatures (others)
  A plant (D)
1 creature vanquished.

Grand Total: 27 creatures vanquished

Notes
Turn   | Place    | Note
-------+----------+-------------------------------------------
     0 | D        | Groucho the Spriggan Earth Elementalist began the quest for
                  | the Orb.
     0 | D        | Reached XP level 1. HP: 9/9 MP: 5/5
    39 | D        | Noticed Jessica
    41 | D        | Killed Jessica
    42 | D        | Reached skill level 5 in Stealth
    42 | D        | Reached XP level 2. HP: 13/13 MP: 4/8
   101 | D        | Reached XP level 3. HP: 16/16 MP: 7/9
   124 | D        | Noticed Crazy Yiuf
   147 | D        | Killed Crazy Yiuf
   148 | D        | Reached skill level 5 in Dodging
   148 | D        | Reached skill level 5 in Earth Magic
   206 | D        | Reached skill level 6 in Stealth
   206 | D        | Reached skill level 5 in Spellcasting
   206 | D        | Reached XP level 4. HP: 21/21 MP: 7/12
   492 | D        | Noticed a water elemental
   552 | D        | Killed a water elemental
   553 | D        | Reached skill level 7 in Stealth
   578 | D        | Learned a level 3 spell: Stone Arrow
   579 | D        | Found a shadowy altar of Dithmenos.
   579 | D        | Noticed a necrophage
   584 | D        | Killed a necrophage
   585 | D        | Reached skill level 8 in Stealth
   585 | D        | Reached skill level 1 in Conjurations
   585 | D        | Reached XP level 5. HP: 23/24 MP: 8/14
   586 | D        | Found a basalt altar of Yredelemnul.
   586 | D        | Found a sacrificial altar of Ru.
   593 | D        | Became a worshipper of Dithmenos the Shadowed
   758 | D        | Found a radiant altar of Vehumet.
   761 | D        | Found a shimmering blue altar of Sif Muna.
   766 | D        | Reached skill level 1 in Invocations
   767 | D        | Found an ancient bone altar of Kikubaaqudgha.
   780 | D        | Learned a level 3 spell: Confusing Touch
   804 | D        | Found a hide-covered altar of Uskayaw.
   804 | D        | Found an iron altar of Okawaru.
   804 | D        | Found a bloodstained altar of Trog.
   804 | D        | Found an ornate altar of the Wu Jian Council.
   804 | D        | Noticed a human
   804 | D        | Noticed a human
   817 | D        | Killed a human
   817 | D        | Reached * piety under Dithmenos
   818 | D        | Reached skill level 9 in Stealth
   818 | D        | Reached XP level 6. HP: 28/28 MP: 12/17
   827 | D        | Killed a human
   828 | D        | Reached XP level 7. HP: 32/32 MP: 11/19
  1024 | D        | Found a glowing silver altar of Zin.
  1025 | D        | Found a glowing golden altar of the Shining One.
  1026 | D        | Found a white marble altar of Elyvilon.
  1026 | D        | Noticed a deep elf pyromancer
  1051 | D        | Noticed a fire elemental
  1051 | D        | Noticed a fire elemental
  1052 | D        | Killed a deep elf pyromancer
  1053 | D        | Reached skill level 10 in Stealth
  1222 | D        | Noticed a shadow
  1238 | D        | Killed a shadow
  1238 | D        | Reached ** piety under Dithmenos
  1239 | D        | Reached skill level 11 in Stealth
  1239 | D        | Reached skill level 5 in Hexes
  1239 | D        | Reached XP level 8. HP: 36/36 MP: 17/21
  1543 | D        | Found a blossoming altar of Fedhas.
  1543 | D        | Found a stormy altar of Qazlal.
  1543 | D        | Found a snail-covered altar of Cheibriados.
  1543 | D        | Found a burning altar of Makhleb.
  1543 | D        | Found a shimmering altar of Xom.
  1544 | D        | Found a hazy altar of Hepliaklqana.
  1544 | D        | Found an opulent altar of Gozag.
  1544 | D        | Found a sparkling altar of Nemelex Xobeh.
  1544 | D        | Found a corrupted altar of Lugonu.
  1544 | D        | Found a viscous altar of Jiyva.
  1662 | D        | Noticed Erica
  1662 | D        | HP: 1/36 [rock wall collision (13)]
  1674 | D        | Killed Erica
  1675 | D        | Reached skill level 5 in Short Blades
  1675 | D        | Reached skill level 10 in Dodging
  1675 | D        | Reached skill level 10 in Earth Magic
  1675 | D        | Reached skill level 5 in Invocations
  1836 | D        | Reached *** piety under Dithmenos
  1837 | D        | Reached skill level 12 in Stealth
  2147 | D        | Noticed a centaur warrior
  2150 | D        | Reached XP level 9. HP: 8/39 MP: 16/23
  2159 | D        | Killed a centaur warrior
  2160 | D        | Reached skill level 10 in Spellcasting
  2160 | D        | Reached skill level 5 in Conjurations
  2485 | D        | Noticed an unseen horror
  2486 | D        | Killed an unseen horror
  2486 | D        | Reached **** piety under Dithmenos
  2495 | D        | Noticed a wandering mushroom
  2500 | D        | Noticed a wandering mushroom
  2502 | D        | Noticed a wandering mushroom
  2503 | D        | Killed a wandering mushroom
  2504 | D        | Reached skill level 13 in Stealth
  2508 | D        | Killed a wandering mushroom
  2510 | D        | Killed a wandering mushroom
  2717 | D        | Noticed a cane toad
  2717 | D        | Noticed a komodo dragon
  2717 | D        | Noticed a cane toad
  2725 | D        | Mangled by a cane toad

Illustrated notes

Levels and vault maps discovered:
D:        dungeon_sprint_mu [sprint_mu_entry_cave, sprint_mu_temple_rooms,
          sprint_mu_d1_horrors, sprint_mu_d2_genie, sprint_mu_d3_branching,
          sprint_mu_orc_legion, sprint_mu_elf_gauntlet, sprint_mu_hive_nellie,
          sprint_mu_lair_fedhas, sprint_mu_vaults_butterflies,
          sprint_mu_slime_circle, sprint_mu_shoals_kraken,
          sprint_mu_snake_twists, sprint_mu_blade_basic, sprint_mu_crypt_lich,
          sprint_mu_tomb_spiral, sprint_mu_vestibule_basic,
          sprint_mu_gehenna_hellfire, sprint_mu_dis_giant,
          sprint_mu_tartarus_statrot, sprint_mu_cocytus_islands, sprint_mu_zot1]

Skill      XL: |  1  2  3  4  5  6  7  8  9 |
---------------+----------------------------+-----
Dodging        | 4 5 7 8 9 10 11 | 11.3
Earth Magic    | 4 5 7 8 9 10 11 | 11.3
Spellcasting   | 4 5 6 7 8 9 10 | 10.5
Stealth        | 5 6 8 9 11 12 13 | 13.3
Conjurations   | 1 2 3 4 5 |  5.4
Invocations    | 2 3 4 5 6 |  6.6
Short Blades   | 2 4 5 7 |  7.0
Hexes          | 2 3 5 6 7 |  7.8
Transmutations | |  1.3

Action                   |  1- 3 |  4- 6 |  7- 9 || total
-------------------------+-------+-------+-------++-------
Melee: Dagger            |       |       |     3 ||     3
 Cast: Sandblast         |    14 |    25 |    44 ||    83
       Stone Arrow       |       |       |    16 ||    16
  Use: Potion            |       |       |     3 ||     3
 Stab: Sleeping          |       |       |     2 ||     2
Armor: Robe              |       |     1 |     4 ||     5
Dodge: Dodged            |     1 |     6 |    23 ||    30
